 Seeded DCSS version 0.28-a0-1555-g9ae15a6949 (webtiles) character file.

Game seed: 6632949731941055012 (custom seed)

363 knot the Chopper (level 6, -1/47 HPs)
             Began as a Demonspawn Berserker on Jan 18, 2022.
             Was a Believer of Trog.
             Slain by a centaur (3 damage)
             ... on level 5 of the Dungeon.
             The game lasted 00:04:11 (5260 turns).

knot the Chopper (Demonspawn Berserker)             Turns: 5260, Time: 00:04:11

Health: -1/47      AC:  7    Str: 18    XL:     6   Next: 39%
Magic:  6/6        EV: 11    Int: 10    God:    Trog [**....]
Gold:   173        SH:  0    Dex: 12    Spells: 5/5 levels left

rFire   . . .      SeeInvis .   a - +1 hand axe
rCold   . . .      Faith    .   (no shield)
rNeg    . . .      Spirit   .   p - +0 ring mail
rPois   .          Reflect  .   o - +2 hat
rElec   .          Harm     .   (no cloak)
rCorr   .          Rampage  .   (no gloves)
Will    +....                   (no boots)
Stlth   +.........              (no amulet)
HPRegen 0.15/turn               n - ring of willpower
MPRegen 0.20/turn               r - ring of willpower

@: mighty, weak-willed, marked
A: horns 1, magic regeneration
a: Renounce Religion, Berserk, Trog's Hand


You were on level 5 of the Dungeon.
You worshipped Trog.
Trog was pleased with you.
You visited 1 branch of the dungeon, and saw 5 of its levels.

You collected 173 gold pieces.

Inventory:

Hand Weapons
 a - a +1 hand axe (weapon)
Missiles
 c - 176 stones (quivered)
Armour
 b - a +0 animal skin
 o - a +2 hat (worn)
 p - a +0 ring mail (worn)
Jewellery
 i - a ring of fire
 n - a ring of willpower (left hand)
 r - a ring of willpower (right hand)
Wands
 v - a wand of paralysis (13)
Scrolls
 d - a scroll of summoning {unknown}
 e - a scroll of brand weapon {unknown}
Potions
 h - a potion of might
 j - a potion of invisibility {unknown}
 k - a potion of resistance {unknown}
 q - a potion of brilliance {unknown}
 u - a potion of mutation {unknown}


   Skills:
 - Level 3.0 Fighting
 * Level 5.8 Axes
 * Level 2.8 Throwing
 - Level 1.7 Armour
 - Level 1.7 Dodging


You had 5 spell levels left.
You didn't know any spells.
Your spell library contained the following spells:

 Spells                   Type           Power      Damage    Failure   Level
 Conjure Flame            Conj/Fire      0%         6-21      89%         3
 Ignite Poison            Fire/Tmut/Pois 0%         N/A       89%         3
 Sticky Flame             Conj/Fire      0%         2d3       100%        4


Dungeon Overview and Level Annotations

Branches:
Dungeon (5/15)
 Temple: D:4-7

Altars:

Shops:
D:2 =


Innate Abilities, Weirdness & Mutations

You have a pair of small horns on your head.
You regenerate magic rapidly.


Message History

The arrow hits you!
* * * LOW HITPOINT WARNING * * *
The jelly closely misses you.
The scorpion stings you but does no damage.
An adder and 2 orcs come into view.
The centaur shoots an arrow.
The arrow completely misses you.
An orc comes into view. It is wielding a +0 dagger.
You feel better.
An orc comes into view. It is wielding a +0 short sword.
The scorpion closely misses you. The jelly barely misses you.
The adder barely misses you.
As you read the scroll labelled WUOMNA COIRAI, it crumbles to dust.
Magic quickly surges around you.
It was a scroll of vulnerability.
The scorpion closely misses you. The jelly hits you but does no damage.
A sky beast comes into view.
The adder misses you.
The centaur unwields a +0 shortbow.
The centaur hits you but does no damage.
The centaur kicks you.
* * * LOW HITPOINT WARNING * * *
The scorpion barely misses you.
As you read the scroll labelled DUGGOI SAMEDWU, it crumbles to dust.
It is a scroll of enchant weapon.
Your +0 hand axe glows red for a moment.
The adder bites you but does no damage. The centaur barely misses you.
The centaur kicks you but does no damage.
The jelly barely misses you. The scorpion barely misses you.
As you read the scroll labelled CAUJUA NYEXOEMN, it crumbles to dust.
You hear a loud clanging noise!
It was a scroll of noise.
The centaur hits you.
* * * LOW HITPOINT WARNING * * *
The centaur kicks you but does no damage.
The adder closely misses you. The jelly closely misses you.
The scorpion barely misses you. The centaur hits you.
* * * LOW HITPOINT WARNING * * *
The centaur misses you. The adder bites you.
* * * LOW HITPOINT WARNING * * *
As you read the scroll labelled CICKAQ HUSILIC, it crumbles to dust.
You feel aware of your surroundings.
It was a scroll of magic mapping.
The centaur hits you.
You die...

*+***
##+######....#*******,*,, ,,*
#..[.....[...#*#### *,,,, ,,*
#.........<..##...#**,,,, ,,*
#........Y#.......+,*,,,, ,,*
#........[........#,*,,,, *,*
####........o.#.##...#,***,,
*,####...........o.#.#*...#,*
**,
*,........#######So#+##.###,*
*,
**###...c.###§cJ@§......###,*
*, #......c§§§§sc..........,*
** #......§§§§...§......###***
*
***#......§§§§§..§.........,,*
*
,,......................###*,*
,,.###....###§.§........# *,*
,,,* #....# #...........#
*,**** ,,,* #....#
############# *,,,,, ,,,*
###### ******


You could see a sky beast, 2 centaurs, a scorpion (weak-willed), a jelly
(weak-willed), an adder (weak-willed) and 3 orcs.

Vanquished Creatures
  A howler monkey (D:3)
  A gnoll shaman (D:4)
  Natasha (thrice) (D:3)
  An orc wizard (D:3)
  Robin (D:4)
  7 gnolls (D:4)
  4 adders
  An adder skeleton (D:4)
  5 orcs
  6 ball pythons
  7 endoplasms
  2 giant cockroaches
  12 goblins
  9 hobgoblins
  4 quokkas
  3 bats (D:1)
  3 frilled lizards
  8 kobolds
  3 rats
81 creatures vanquished.

Notes
Turn   | Place    | Note
-------+----------+-------------------------------------------
     0 | D:1      | knot the Demonspawn Berserker began the quest for the Orb.
     0 | D:1      | Reached XP level 1. HP: 18/18 MP: 1/1
   169 | D:1      | Reached skill level 3 in Axes
   287 | D:1      | Gained mutation: You regenerate magic rapidly. [demonic
                  | ancestry]
   287 | D:1      | Reached XP level 2. HP: 20/24 MP: 2/2
  1175 | D:2      | Found Bemyij's Jewellery Shop.
  1214 | D:2      | Reached ** piety under Trog
  1281 | D:2      | Reached XP level 3. HP: 13/29 MP: 3/3
  1282 | D:2      | Reached skill level 4 in Axes
  2736 | D:3      | Found a faded altar of an unknown god.
  2803 | D:3      | Reached XP level 4. HP: 35/35 MP: 4/4
  3216 | D:3      | Reached skill level 5 in Axes
  3284 | D:3      | Noticed Natasha
  3294 | D:3      | Killed Natasha
  3295 | D:3      | Reached XP level 5. HP: 41/41 MP: 5/5
  3344 | D:3      | Reached skill level 1 in Throwing
  3581 | D:3      | Noticed Natasha
  3590 | D:3      | Killed Natasha
  3756 | D:3      | Noticed Natasha
  3764 | D:3      | Killed Natasha
  3949 | D:4      | Gained mutation: You have a pair of small horns on your
                  | head. [demonic ancestry]
  3949 | D:4      | Reached XP level 6. HP: 41/47 MP: 6/6
  4248 | D:4      | Noticed Robin
  4555 | D:4      | Killed Robin
  5207 | D:5      | Entered Level 5 of the Dungeon
  5254 | D:5      | HP: 2/47 [centaur/arrow (10)]
  5257 | D:5      | Noticed a sky beast
  5259 | D:5      | HP: 1/47 [adder (3)]
  5260 | D:5      | Slain by a centaur

Illustrated notes

Levels and vault maps discovered:
D:1:      dpeg_arrival_connections, layout_basic,
          hangedman_abyss_or_decor_stabs, minmay_tripent
D:2:      layout_basic, serial_shops, shop, minmay_misc_feat_tiny,
          minmay_crystal_room, minivault_23
D:3:      layout_basic, ebering_ecumenical_altar_abandoned,
          nicolae_figureground_pulse, uniq_natasha
D:4:      layout_basic, uniq_robin
D:5:      layout_basic, kennysheep_another_room, kennysheep_generic_room_13,
          uniq_duvessa

Skill      XL: |  1  2  3  4  5 |
---------------+----------------+-----
Axes           | 3 4 5 |  5.8
Throwing       | 2 |  2.8
Fighting       | |  3.0
Armour         | |  1.7
Dodging        | |  1.7

Action                   |  1- 3 |  4- 6 || total
-------------------------+-------+-------++-------
Melee: Hand axe          |    96 |   134 ||   230
       Headbutt          |       |    10 ||    10
       Punch             |       |     3 ||     3
Throw: Stone             |       |     1 ||     1
Invok: Berserk           |     2 |     9 ||    11
  Use: Scroll            |       |     6 ||     6
       Potion            |       |     3 ||     3
 Stab: Sleeping          |     1 |       ||     1
Armor: Animal skin       |    10 |       ||    10
       Ring mail         |     2 |    51 ||    53
Dodge: Dodged            |    68 |    83 ||   151

Table legend: (Time is in decaauts)
 A = Elapsed time spent in this place.
 B = Non-inter-level travel time spent in this place.
 C = Inter-level travel time spent in this place.
 D = Time resting spent in this place.
 E = Time spent auto-exploring this place.
 F = Levels seen in this place.
 G = Mean time per level.
                   A        B        C        D        E       F      G
               +--------+--------+--------+--------+--------+-----+--------+
         Total |   5374 |   5266 |    108 |   1520 |   3103 |   5 | 1074.8 |
       Dungeon |   5374 |   5266 |    108 |   1520 |   3103 |   5 | 1074.8 |
               +--------+--------+--------+--------+--------+-----+--------+

Top non-repeatable levels by time:
     D:3: 1693 daAuts
     D:2: 1579 daAuts
     D:1: 1180 daAuts
     D:4: 868 daAuts
     D:5: 52 daAuts
